 Dungeon Sprint DCSS version 0.17-a0-1360-g37db002 (webtiles) character file.

58 Kidiri the Sneak (level 3, -10/16 HPs)
             Began as a Spriggan Enchanter on June 11, 2015.
             Splashed by an oklob sapling's acid (11 damage)
             ... in the Dungeon (Sprint IV: "Fedhas' Mad Dash").
             The game lasted 00:01:54 (678 turns).

Kidiri the Sneak (Spriggan Enchanter)                Turns: 678, Time: 00:01:54

Health: -10/16     AC: -2    Str:  4    XL:     3   Next: 76%
Magic:  10/10      EV: 21    Int: 16    God:
Gold:   50         SH:  0    Dex: 17    Spells: 2 memorised, 9 levels left

rFire  . . .     SeeInvis +     a - +1 dagger
rCold  . . .     Clarity  .     b - +1 robe
rNeg   . . .     SustAt   .     (shield restricted)
rPois  .         Gourm    .     (helmet restricted)
rElec  .         Spirit   .     (no cloak)
rCorr  .         Warding  .     (gloves unavailable)
rMut   .         NoTele   +     (boots unavailable)
MR     .....                    (no amulet)
Stlth  ++++......               (no ring)
                                e - ring of invisibility

@: corroded equipment, very quick, not resistant to hostile enchantments,
stealthy
A: unfitting armour, see invisible, herbivore 3, speed 3, slow metabolism 2
a: Evoke Invisibility


You were in the Dungeon.
You were not hungry.

You visited 1 branch You collected 50 gold pieces.

Inventory:

Hand weapons
 a - a +1 dagger (weapon)
Armour
 b - a +1 robe (worn)
Jewellery
 e - a ring of invisibility (left hand)
Scrolls
 j - a scroll of blinking
Potions
 f - a potion of heal wounds
 g - a potion of haste
 h - 2 potions of magic
 i - a potion of berserk rage
Books
 c - a book of Maledictions

   Spells                             Type                      Level
   a - Corona                         Hexes                        1
   b - Ensorcelled Hibernation        Hexes/Ice                    2
   c - Confuse                        Hexes                        3
   d - Tukima's Dance                 Hexes                        3
   e - Dazzling Spray                 Conjuration/Hexes            3
Comestibles
 d - a bread ration


   Skills:
 + Level 2.7 Short Blades
 * Level 5.9 Dodging
 * Level 7.0 Stealth
 * Level 5.0 Spellcasting
 + Level 4.8 Hexes
 + Level 1.2 Ice Magic
 + Level 0.0 Evocations


You had 9 spell levels left.
You knew the following spells:

 Your Spells              Type           Power        Failure   Level  Hunger
a - Corona                Hex            ###....      1%          1    None
b - Ensorcelled Hibernat  Hex/Ice        ##....       10%         2    #......


Dungeon Overview and Level Annotations

Branches:
Dungeon (1/1)

Altars:
Cheibriados
Dithmenos
Elyvilon
Gozag
Kikubaaqudgha
Makhleb
Nemelex Xobeh
Okawaru
Ru
Sif Muna
Trog
Vehumet
Xom
Yredelemnul
Zin
The Shining One
Beogh
Jiyva
Lugonu

Annotations:
D exclusion: 2 oklob saplings


Innate Abilities, Weirdness & Mutations

You are tiny and cannot use many weapons and most armour.
You have supernaturally acute eyesight.
You are a herbivore.
You cover ground extremely quickly.
You need consume almost no food.


Message History

You flicker back into view.
You close the door.
You start resting.
Magic restored.
You start resting.
Your magical contamination has completely faded away.
You start resting.
HP restored.
You start waiting.
Done waiting.
As you open the door, it creaks loudly!
Marking area around the oklob sapling as unsafe for travelling.
An oklob sapling comes into view.
The oklob sapling spits acid at you. The splash of acid hits you!
Ouch! That really hurt!
* * * LOW HITPOINT WARNING * * *
The acid corrodes you!
The acid burns!
Ouch! That really hurt!
You die...

##############################
#<.%P#.....#.....#.⌠.........⌠
#PP..'.)...'.#)(.+._._._._._._
#PPPP#.....#.#.@.#_._._P_._._.
###############'##._._._._._._
...#.⌠...._....⌠
#$P$############# #####


You could see an oklob sapling.

Vanquished Creatures
  An oklob sapling (D)
  A worker ant (D)
  A river rat (D)
  A rat (D)
4 creatures vanquished.

Notes
Turn   | Place    | Note
--------------------------------------------------------------
     0 | D        | Kidiri the Spriggan Enchanter began the quest for the Orb.
     0 | D        | Reached XP level 1. HP: 9/9 MP: 5/5
   286 | D        | Reached skill level 5 in Stealth
   286 | D        | Reached XP level 2. HP: 11/13 MP: 5/7
   290 | D        | Learned a level 2 spell: Ensorcelled Hibernation
   334 | D        | Noticed an oklob sapling
   336 | D        | Killed an oklob sapling
   336 | D        | Reached skill level 5 in Dodging
   336 | D        | Reached skill level 6 in Stealth
   336 | D        | Reached XP level 3. HP: 16/16 MP: 8/10
   339 | D        | Noticed a worker ant
   341 | D        | Killed a worker ant
   341 | D        | Reached skill level 7 in Stealth
   341 | D        | Reached skill level 5 in Spellcasting
   341 | D        | Reached skill level 1 in Ice Magic
   361 | D        | Found a snail-covered altar of Cheibriados.
   361 | D        | Found a glowing silver altar of Zin.
   361 | D        | Found a white marble altar of Elyvilon.
   361 | D        | Found a viscous altar of Jiyva.
   361 | D        | Found a radiant altar of Vehumet.
   361 | D        | Found a deep blue altar of Sif Muna.
   361 | D        | Found an ancient bone altar of Kikubaaqudgha.
   361 | D        | Found a bloodstained altar of Trog.
   361 | D        | Found a corrupted altar of Lugonu.
   361 | D        | Noticed an oklob sapling priest
   362 | D        | Found a burning altar of Makhleb.
   362 | D        | Found a sacrificial altar of Ru.
   363 | D        | Found a glowing golden altar of the Shining One.
   363 | D        | Found a sparkling altar of Nemelex Xobeh.
   364 | D        | Found a shadowy altar of Dithmenos.
   365 | D        | Found an iron altar of Okawaru.
   365 | D        | Found a shimmering altar of Xom.
   367 | D        | Found an opulent altar of Gozag.
   368 | D        | Found a roughly hewn altar of Beogh.
   368 | D        | Found a basalt altar of Yredelemnul.
   678 | D        | Noticed an oklob sapling
   678 | D        | Splashed by an oklob sapling's acid

Vault maps used:
D:        dungeon_sprint_fedhas

Action                   || total
-------------------------++-------
Melee: Dagger            ||    28
 Cast: Corona            ||     1
       Ensorcelled Hiber ||     2
 Abil: Evoke Invisibilit ||     1
  Use: Potion            ||     1
 Stab: Sleeping          ||     2
       Invisible         ||     1
